 Dungeon Crawl Stone Soup version 0.21-a0-509-gecc5317 (webtiles) character file.

144735 zeke the Severer (level 16, -6/155 HPs)
             Began as a Minotaur Fighter on Nov 29, 2017.
             Was the Champion of Okawaru.
             Splashed by a caustic shrike's acid (8 damage)
             ... on level 1 of the Depths on Dec 1, 2017.
             The game lasted 01:21:57 (25075 turns).

zeke the Severer (Minotaur Fighter)                Turns: 25075, Time: 01:21:58

Health: -6/155     AC: 18    Str: 31    XL:     16   Next: 85%
Magic:  0/14       EV: 13    Int:  5    God:    Okawaru [******]
Gold:   2503       SH: 15    Dex: 10    Spells: 15/15 levels left

rFire    . . .     SeeInvis .   H - +9 broad axe (chop)
rCold    + . .     Gourm    .   c - +0 shield
rNeg     . . .     Faith    .   O - +8 chain mail "Voawn" {rPois}
rPois    +         Spirit   +   (helmet restricted)
rElec    +         Reflect  .   B - +0 cloak
rCorr    .         Harm     .   m - +2 pair of gloves {Str+3}
MR       ++...     Rnd*Rage +   Z - +0 pair of boots {Fly}
Stlth    ..........             Q - amulet of guardian spirit
HPRegen  0.35/turn              e - ring of protection from magic
MPRegen  0.14/turn              R - +1 ring of evasion

@: about to teleport, corroded, flying, drained
A: retaliatory headbutt, horns 2, yellow scales 1, berserk 1, cold resistance 1,
low mp 1, electricity resistance, subdued magic 1, sturdy frame 2
a: Heroism, Finesse, Renounce Religion, Stop Flying


You were on level 1 of the Depths.
You worshipped Okawaru.
Okawaru was exalted by your worship.
You were near starving.

You visited 5 branches of the dungeon, and saw 26 of its levels.
You also visited: Labyrinth.

You collected 3306 gold pieces.
You spent 803 gold pieces at shops.

Inventory:

Hand Weapons
 a - a +6 war axe of freezing
 H - a +9 broad axe of chopping (weapon)
Missiles
 v - 2 javelins (quivered)
 w - 8 steel javelins
 U - 6 poisoned javelins
 Y - 4 javelins of penetration
Armour
 b - a cursed +0 large shield
 c - a +0 shield (worn)
 i - the +1 pair of gloves of the Cast Vote {rN+}
   (Okawaru gifted it to you on level 2 of the Orcish Mines)

   It protects you from negative energy.
 m - a +2 pair of gloves of strength (worn)
 B - a +0 cloak (worn)
 O - the +8 chain mail "Voawn" (worn) {rPois}
   (You found it on level 9 of the Dungeon)

   It protects you from poison.
 Z - a +0 pair of boots of flying (worn)
Jewellery
 e - a ring of protection from magic (left hand)
 u - an uncursed ring of protection from cold
 x - an uncursed ring of positive energy
 A - an uncursed ring of resist corrosion
 I - a +4 ring of intelligence
 Q - an amulet of guardian spirit (around neck)
 R - a +1 ring of evasion (right hand)
 W - an uncursed ring of protection from fire
Wands
 n - a wand of acid (16)
 E - a wand of random effects (18)
 N - a wand of digging (15)
 V - a wand of paralysis (16)
Scrolls
 k - 2 scrolls of enchant armour
 o - 14 scrolls of remove curse
 p - 19 scrolls of identify
 s - 7 scrolls of teleportation
 z - 3 scrolls of fog
 C - a scroll of silence
 G - 7 scrolls of magic mapping
 L - 6 scrolls of fear
Potions
 d - 11 potions of might
 h - 5 potions of curing
 j - 7 potions of heal wounds
 l - 3 potions of resistance
 r - a potion of agility
 t - 5 potions of lignification
 D - 3 potions of haste
 J - 4 potions of berserk rage
 K - a potion of mutation
 M - 2 potions of cancellation
 S - 2 potions of invisibility
Miscellaneous
 X - a fan of gales
Comestibles
 f - 11 bread rations
 g - 21 royal jellies
 q - 13 meat rations
 P - 7 fruits


   Skills:
 + Level 17.5(16.9) Fighting
 - Level 20.0(19.4) Axes
 - Level 3.4(3.0) Throwing
 - Level 15.0(14.5) Armour
 - Level 5.7(5.3) Dodging
 - Level 2.8(2.4) Stealth
 - Level 16.0(15.4) Shields
 - Level 1.8(1.4) Invocations
 - Level 1.4(1.0) Evocations


You had 15 spell levels left.
You didn't know any spells.

Dungeon Overview and Level Annotations

Branches:
Dungeon (15/15)            Temple (1/1) D:7            Lair (6/6) D:9
  Swamp (0/4) Lair:2       Spider (0/4) Lair:3        Slime (0/5) Lair:6
    Orc (2/2) D:12            Elf (0/3) Orc:2        Vaults (0/5) D:14
 Depths (2/5) D:15

Altars:
Ashenzari
Cheibriados
Dithmenos
Elyvilon
Fedhas
Gozag
Hepliaklqana
Kikubaaqudgha
Makhleb
Nemelex Xobeh
Okawaru
Qazlal
Ru
Sif Muna
Trog
Uskayaw
Vehumet
Wu Jian
Xom
Zin
The Shining One
Beogh
Jiyva

Shops:
D:12 ?   D:13 !   Orc:2 (}:*   Depths:1 }:

Portals:
Hell: Depths:1 Depths:2
Ziggurat: Depths:1

Annotations:
D:3 1 transporter


Innate Abilities, Weirdness & Mutations

You reflexively headbutt those who attack you in melee.
You have a pair of horns on your head.
You are partially covered in yellow scales. (AC +2)
You tend to lose your temper in combat.
Your flesh is cold resistant. (rC+)
Your magical capacity is low. (-10% MP)
You are resistant to electric shocks. (rElec)
Your spells are a little easier to cast, but a little less powerful.
Your movements are less encumbered by armour. (ER -4)


Message History

The caustic shrike barely misses you. You block the caustic shrike's attack.
You block the caustic shrike's attack.
There is a stone staircase leading up, spattered with blood here.
You see here 3 bolts.
The caustic shrike claws you.
* * * LOW HITPOINT WARNING * * *
You are splashed with acid!
The acid burns!
* * * LOW HITPOINT WARNING * * *
The caustic shrike claws you!
* * * LOW HITPOINT WARNING * * *
The acid corrodes you!
You are splashed with acid!
The acid burns!
* * * LOW HITPOINT WARNING * * *
You fly upwards.
There is a stone staircase leading down here.
As you read the scroll of teleportation, it crumbles to dust.
You feel strangely unstable. The caustic shrike claws you!
* * * LOW HITPOINT WARNING * * *
The acid corrodes you!
You are splashed with acid!
The acid burns!
You die...

#....#....####...##...≈≈...[.#..
#....#.##.#......##.........[†..
##...#.##.#......##.≈≈≈≈...†....
###...#.##.#..................≈..
#....##.##.............#......≈..
#...(##.##....⌠.⌠......#.........
#(..#......#..._.......#.#..##...
.<.##.)....###⌠.⌠..∩..##.##..#...
#.####....## ##.@............#...
#..........#####.b...............
..[)............................#
#.......≈≈≈.≈..........###.......
#.......≈≈≈.≈≈≈........#.........
#.#....≈≈≈≈.≈≈≈..................
#.#....≈≈.......≈≈≈≈≈≈..>...##...
#.#.........≈≈≈.≈≈≈≈≈≈...........
#.#.........≈....≈≈≈≈≈..#........


You could see a caustic shrike.

Vanquished Creatures
  2 liches (Depths:2)
  2 orc warlords (Orc:2)
  2 very ugly things (Depths:1)
  4 stone giants (Depths:1)
  The ghost of COBRA the Severer, a journeyman HOFi of Cheibriados (Lair:6)
  2 ettins
  Snorg (D:11)
  3 fire dragons
  A minotaur (Lab)
  A great orb of eyes (Depths:2)
  Josephine (D:10)
  2 yaktaur captains
  A rakshasa (Depths:2)
  Harold (D:12)
  7 hydras
  3 catoblepae
  A death knight (D:14)
  Erica (D:8)
  13 two-headed ogres
  3 centaur warriors
  13 death yaks
  A tengu warrior (Depths:1)
  An ogre mage (Depths:2)
  4 deep troll earth magi
  A vampire mage (Depths:1)
  5 deep troll shamans
  Sonja (D:12)
  5 orc high priests (Orc:2)
  The ghost of COBRA the Grappler, a novice TrMo of Yredelemnul (D:10)
  A hell knight (Depths:2)
  A fire crab (Lair:2)
  2 iron trolls (Depths:2)
  12 deep trolls
  3 unseen horrors
  A glowing orange brain (Depths:2)
  2 wizards (D:14)
  2 deep elf magi
  2 necromancers (D:14)
  5 orc knights
  A wolf spider zombie (D:15)
  An oklob plant (Lair:6)
  6 orc sorcerers
  29 ugly things
  A manticore (D:14)
  2 wolf spiders
  2 elephants (Lair:6)
  A fire giant skeleton (Depths:2)
  2 cyclopes
  5 black mambas
  Psyche (D:11)
  9 spiny frogs
  A torpor snail (Lair:6)
  A rime drake (Lair:3)
  2 gargoyles (D:12)
  A freezing wraith (D:15)
  6 komodo dragons
  A spark wasp simulacrum (Depths:2)
  An efreet (D:14)
  4 yaktaurs
  7 polar bears
  2 minotaur zombies (Lab)
  A troll (shapeshifter) (D:15)
  16 trolls
  A queen bee (Lair:3)
  An ettin zombie (Depths:2)
  Prince Ribbit (D:5)
  10 dream sheep
  3 hippogriffs
  An ettin skeleton (Depths:2)
  A spriggan skeleton (Depths:2)
  2 air elementals (Depths:2)
  2 vampires
  A fire bat (Lair:2)
  2 water elementals (Depths:1)
  8 wyverns
  49 yaks
  7 wraiths
  5 basilisks
  A fire elemental (Lair:2)
  2 steam dragons
  3 hungry ghosts
  7 vampire mosquitoes
  2 insubstantial wisps (D:12)
  6 wargs
  A soldier ant (D:15)
  7 porcupines
  10 water moccasins
  2 hell hounds (Lair:2)
  6 ice beasts
  2 black bears
  45 orc warriors
  A phantom (D:10)
  7 sky beasts
  8 boggarts
  20 ogres
  11 wolves
  15 centaurs
  11 crocodiles
  A big kobold (D:12)
  19 bullfrogs
  4 scorpions
  2 wyvern skeletons
  37 killer bees
  4 jellies
  9 wights
  2 electric eels (Lair:2)
  3 howler monkeys
  2 bullfrog zombies (D:7)
  7 crimson imps
  2 centaur zombies
  A quasit (D:9)
  44 orc priests
  21 orc wizards
  Crazy Yiuf (D:5)
  9 hounds
  2 centaur skeletons
  6 iguanas
  12 worker ants
  3 hound zombies
  A hound skeleton (D:6)
  3 worker ant zombies
  Robin (D:4)
  5 adders
  9 shadow imps
  4 oozes
  An adder skeleton (D:6)
  4 adder zombies
  A worm (D:2)
  5 dart slugs
  7 leopard geckos
  127 orcs
  4 giant cockroaches
  9 hobgoblins
  8 jackals
  12 kobolds
  5 quokkas
  A ball python (D:6)
  4 bats (D:1)
  4 frilled lizards
  10 goblins
  A jackal zombie (D:7)
  A leopard gecko skeleton (D:8)
  A quokka skeleton (D:5)
  6 rats
  A bush (Lair:6)
  3 fungi
  2 plants
910 creatures vanquished.

Vanquished Creatures (others)
  A spriggan air mage (Depths:2)
  A necromancer (Depths:2)
  11 fungi
  3 plants
16 creatures vanquished.

Grand Total: 926 creatures vanquished

Notes
Turn   | Place    | Note
-------+----------+-------------------------------------------
     0 | D:1      | zeke the Minotaur Fighter began the quest for the Orb.
     0 | D:1      | Reached XP level 1. HP: 19/19 MP: 0/0
    51 | D:1      | Reached XP level 2. HP: 26/27 MP: 1/1
   174 | D:1      | Noticed an ogre
   174 | D:1      | Noticed an ogre
   174 | D:1      | Noticed an ogre
   180 | D:1      | Noticed an ogre
   341 | D:1      | Reached skill level 3 in Axes
   553 | D:1      | Reached XP level 3. HP: 33/33 MP: 2/2
   932 | D:2      | Found a radiant altar of Vehumet.
  1580 | D:3      | Reached skill level 4 in Axes
  1580 | D:3      | Reached XP level 4. HP: 37/40 MP: 3/3
  1674 | D:3      | Found a transporter.
  1801 | D:3      | Found a faded altar of an unknown god.
  1930 | D:3      | Found a transporter.
  2085 | D:3      | Reached XP level 5. HP: 47/47 MP: 4/4
  2658 | D:3      | Reached skill level 5 in Axes
  2751 | D:4      | Noticed Robin
  2757 | D:4      | Noticed an ogre
  2765 | D:4      | Killed Robin
  2772 | D:4      | Reached skill level 5 in Fighting
  2773 | D:4      | Reached XP level 6. HP: 26/56 MP: 5/5
  2785 | D:4      | Reached skill level 1 in Dodging
  3049 | D:4      | Reached skill level 5 in Armour
  3298 | D:5      | Entered Level 5 of the Dungeon
  3302 | D:5      | Reached skill level 6 in Axes
  3310 | D:5      | Reached XP level 7. HP: 54/61 MP: 6/6
  3362 | D:5      | Reached skill level 5 in Shields
  3383 | D:5      | Noticed Prince Ribbit
  3401 | D:5      | Killed Prince Ribbit
  3436 | D:5      | Reached skill level 7 in Axes
  3741 | D:5      | Reached XP level 8. HP: 64/70 MP: 7/7
  3956 | D:5      | Found a runed door.
  3960 | D:5      | Noticed Crazy Yiuf
  3963 | D:5      | Killed Crazy Yiuf
  4065 | D:6      | Reached skill level 1 in Evocations
  4225 | D:6      | Reached skill level 8 in Axes
  4281 | D:6      | Reached skill level 9 in Axes
  4487 | D:6      | Reached XP level 9. HP: 52/78 MP: 8/8
  4702 | D:7      | Reached skill level 10 in Axes
  5225 | D:7      | Found a staircase to the Ecumenical Temple.
  5452 | Temple   | Entered the Ecumenical Temple
  5482 | Temple   | Became a worshipper of Warmaster Okawaru
  5783 | D:8      | Reached skill level 11 in Axes
  5854 | D:8      | Noticed Erica
  6347 | D:8      | Killed Erica
  6347 | D:8      | Reached * piety under Okawaru
  6347 | D:8      | Reached ** piety under Okawaru
  6761 | D:9      | Got a bronze chain mail
  6772 | D:9      | Identified the +8 chain mail "Voawn" {rPois} (You found it on level 9 of the Dungeon)
  6792 | D:9      | Noticed a troll
  6801 | D:9      | Killed a troll
  6801 | D:9      | Reached XP level 10. HP: 56/86 MP: 9/9
  6952 | D:9      | Reached skill level 12 in Axes
  6956 | D:9      | Reached *** piety under Okawaru
  7324 | D:9      | Found a staircase to the Lair.
  7417 | D:9      | Gained mutation: You have a pair of large horns on your head. [mutagenic meat]
  7418 | D:9      | Gained mutation: You tend to lose your temper in combat. [mutagenic meat]
  7419 | D:9      | Gained mutation: Your movements are slightly less encumbered by armour. (ER -2) [mutagenic meat]
  7421 | D:9      | Gained mutation: You are weak. (Str -2) [mutagenic meat]
  7422 | D:9      | Gained mutation: You are resistant to hostile enchantments. (MR+) [mutagenic meat]
  7847 | D:10     | Entered Level 10 of the Dungeon
  7882 | D:10     | Noticed COBRA's ghost (novice TrMo)
  7916 | D:10     | Killed COBRA's ghost
  7939 | D:10     | Reached **** piety under Okawaru
  7943 | D:10     | Gained mutation: Potions are less effective at restoring your health. [mutagenic meat]
  7944 | D:10     | Lost mutation: You are weak. (Str -2) [mutagenic meat]
  8110 | D:10     | Noticed Josephine
  8141 | D:10     | Killed Josephine
  8141 | D:10     | Reached XP level 11. HP: 75/95 MP: 9/11
  8158 | D:10     | Reached skill level 1 in Throwing
  8191 | D:10     | Reached skill level 10 in Armour
  8313 | D:10     | Reached skill level 10 in Shields
  8396 | D:10     | Reached skill level 13 in Axes
  8596 | D:10     | Reached ***** piety under Okawaru
  8972 | D:11     | Noticed Snorg
  8991 | D:11     | Killed Snorg
  8991 | D:11     | Received a gift from Okawaru
  9005 | D:11     | Noticed Psyche
  9035 | D:11     | Paralysed by Psyche for 7 turns
  9044 | D:11     | Received a gift from Okawaru
  9046 | D:11     | Killed Psyche
  9445 | D:11     | Noticed a green ugly thing
  9465 | D:11     | Killed a green ugly thing
  9642 | D:12     | Found Gafely's Magic Scroll Shop.
  9642 | D:12     | Noticed Sonja
  9654 | D:12     | Reached skill level 14 in Axes
  9657 | D:12     | Killed Sonja
  9657 | D:12     | Reached XP level 12. HP: 99/106 MP: 8/12
  9673 | D:12     | Bought a scroll of magic mapping for 45 gold pieces
  9673 | D:12     | Bought 3 scrolls of enchant weapon for 292 gold pieces
  9673 | D:12     | Bought a scroll of blinking for 97 gold pieces
  9703 | D:12     | Noticed a two-headed ogre
  9708 | D:12     | Killed a two-headed ogre
  9799 | D:12     | Noticed Harold
  9814 | D:12     | Killed Harold
  9814 | D:12     | Reached skill level 10 in Fighting
  9939 | D:12     | Found a staircase to the Orcish Mines.
 10004 | D:12     | Found an iron altar of Okawaru.
 10123 | D:12     | Gained mutation: You are resistant to electric shocks. (rElec) [mutagenic meat]
 10124 | D:12     | Gained mutation: Your magical capacity is low. (-10% MP) [mutagenic meat]
 10125 | D:12     | Gained mutation: Your spells are a little easier to cast, but a little less powerful. [mutagenic meat]
 10127 | D:12     | Gained mutation: Your muscles are strong. (Str +2) [mutagenic meat]
 10142 | D:12     | Gained mutation: Your flesh is cold resistant. (rC+) [mutagenic meat]
 10143 | D:12     | Lost mutation: Your muscles are strong. (Str +2) [mutagenic meat]
 10145 | D:12     | Gained mutation: You are robust. (+10% HP) [mutagenic meat]
 10244 | D:12     | Noticed a two-headed ogre
 10256 | D:12     | Killed a two-headed ogre
 10302 | D:13     | Found Ythenukk's Distillery.
 10322 | D:13     | Bought a potion of heal wounds for 80 gold pieces
 10322 | D:13     | Bought 2 potions of might for 128 gold pieces
 10322 | D:13     | Bought a potion of heal wounds for 80 gold pieces
 10346 | D:13     | Reached ****** piety under Okawaru
 10412 | D:13     | Found a stormy altar of Qazlal.
 10447 | D:13     | Noticed a six-headed hydra
 10466 | D:13     | Killed a seven-headed hydra
 10506 | D:13     | Noticed a two-headed ogre
 10511 | D:13     | Noticed a centaur warrior
 10520 | D:13     | Killed a two-headed ogre
 10520 | D:13     | Received a gift from Okawaru
 10520 | D:13     | Reached skill level 15 in Axes
 10529 | D:13     | Killed a centaur warrior
 10766 | D:13     | Noticed a centaur warrior
 10774 | D:13     | Killed a centaur warrior
 10774 | D:13     | Reached XP level 13. HP: 85/126 MP: 6/11
 10995 | D:14     | Found the +3 salamander hide armour {+Rage rF++}
 11054 | D:14     | Received a gift from Okawaru
 11152 | D:14     | Found a snail-covered altar of Cheibriados.
 11608 | D:14     | Received a gift from Okawaru
 11730 | D:14     | Reached skill level 1 in Invocations
 11753 | D:14     | Found a gate to the Vaults.
 11881 | D:14     | Reached skill level 16 in Axes
 11885 | D:14     | Found a shattered altar of Ashenzari.
 12027 | D:15     | Entered Level 15 of the Dungeon
 12077 | D:15     | Identified the Volume of the Hurtful Volcanoes
 12328 | D:15     | Found a sacrificial altar of Ru.
 12343 | D:15     | Received a gift from Okawaru
 12356 | D:15     | Received a gift from Okawaru
 12357 | D:15     | Reached XP level 14. HP: 81/138 MP: 8/12
 12414 | D:15     | Found a white marble altar of Elyvilon.
 12723 | D:15     | Found a staircase to the Depths.
 12857 | Orc:1    | Entered Level 1 of the Orcish Mines
 12909 | Orc:1    | Reached skill level 17 in Axes
 13125 | Orc:1    | Found a roughly hewn altar of Beogh.
 13198 | Orc:1    | Found a roughly hewn altar of Beogh.
 13336 | Orc:2    | Entered Level 2 of the Orcish Mines
 13458 | Orc:2    | Received a gift from Okawaru
 13470 | Orc:2    | Got a pair of brightly glowing gloves {god gift}
 13491 | Orc:2    | Identified the +1 pair of gloves of the Cast Vote {rN+} (Okawaru gifted it to you on level 2 of the Orcish Mines)
 13783 | Orc:2    | Found Ubem's Book Shoppe.
 13799 | Orc:2    | Found Qyposhri's Assorted Antiques.
 13810 | Orc:2    | Bought an orange potion for 26 gold pieces
 13810 | Orc:2    | Bought a glowing grey potion for 26 gold pieces
 13810 | Orc:2    | Bought a scroll labeled ROLIFR LICHO for 29 gold pieces
 13840 | Orc:2    | Found a roughly hewn altar of Beogh.
 14197 | Orc:2    | Found a staircase to the Elven Halls.
 14391 | Orc:2    | Reached skill level 18 in Axes
 14403 | Orc:2    | Noticed an orc warlord
 14415 | Orc:2    | Found a roughly hewn altar of Beogh.
 14422 | Orc:2    | Killed an orc warlord
 14732 | Orc:2    | Found Hosuc's Gadget Shop.
 14744 | Orc:2    | Reached skill level 1 in Stealth
 14788 | Orc:2    | Found Eqymuc's Antique Weapon Boutique.
 14983 | Orc:2    | Noticed an orc warlord
 14996 | Orc:2    | Killed an orc warlord
 14996 | Orc:2    | Received a gift from Okawaru
 15184 | Lair:1   | Entered Level 1 of the Lair of Beasts
 15323 | Lair:1   | Reached skill level 5 in Dodging
 15385 | Lair:1   | Found an ornate altar of the Wu Jian Council.
 15465 | Lair:1   | Received a gift from Okawaru
 16021 | Lair:2   | Found a transporter.
 16024 | Lair:2   | Found a staircase to the Swamp.
 16046 | Lair:2   | Found a labyrinth entrance.
 16073 | Lab      | Entered a labyrinth
 17073 | Lab      | Received a gift from Okawaru
 17096 | Lab      | Found the +8 demon blade "Leech" {vamp, rN+ AC-3 EV-3}
 17208 | Lair:2   | Found a transporter.
 17354 | Lair:2   | Reached XP level 15. HP: 149/149 MP: 13/13
 17489 | Lair:2   | Identified the +6 chain mail of the Other Side {+Inv} (You found it on level 2 of the Lair of Beasts)
 17805 | Lair:2   | Upgraded the game from 0.21-a0-508-gf08a75f to 0.21-a0-509-gecc5317
 17888 | Lair:3   | Found a hole to the Spider Nest.
 19038 | Lair:4   | Received a gift from Okawaru
 19317 | Lair:4   | Reached skill level 15 in Shields
 21183 | Lair:6   | Entered Level 6 of the Lair of Beasts
 21364 | Lair:6   | Noticed COBRA's ghost (journeyman HOFi)
 21380 | Lair:6   | Killed COBRA's ghost
 21380 | Lair:6   | Reached skill level 15 in Fighting
 21425 | Lair:6   | Lost mutation: You are resistant to hostile enchantments. (MR+) [potion of mutation]
 21425 | Lair:6   | Lost mutation: Potions are less effective at restoring your health. [potion of mutation]
 21425 | Lair:6   | Lost mutation: You have a pair of large horns on your head. [potion of mutation]
 21425 | Lair:6   | Lost mutation: You are robust. (+10% HP) [potion of mutation]
 21425 | Lair:6   | Gained mutation: You are partially covered in yellow scales. (AC +2) [potion of mutation]
 21425 | Lair:6   | Gained mutation: Your movements are less encumbered by armour. (ER -4) [potion of mutation]
 21524 | Lair:6   | Found a runed door.
 21525 | Lair:6   | Found a viscous altar of Jiyva.
 21527 | Lair:6   | Found a staircase to the Slime Pits.
 21822 | Lair:6   | Reached skill level 19 in Axes
 21825 | Lair:6   | Received a gift from Okawaru
 21871 | Lair:6   | Got a crude pewter amulet
 21873 | Lair:6   | Identified the amulet "Puki" {Harm *Drain rF- Str+5} (You found it on level 6 of the Lair of Beasts)
 22309 | Depths:1 | Entered Level 1 of the Depths
 22356 | Depths:1 | Found Jiaxomp's Gadget Shoppe.
 22942 | Depths:1 | Reached XP level 16. HP: 139/149 MP: 12/14
 22998 | Depths:1 | Received a gift from Okawaru
 23143 | Depths:1 | Found Birull's Book Shoppe.
 23226 | Depths:1 | Reached skill level 15 in Armour
 23238 | Depths:1 | Found a gateway to Hell.
 23245 | Depths:1 | Received a gift from Okawaru
 23250 | Depths:1 | Identified the +1 scale mail "Agror" {rF+} (Okawaru gifted it to you on level 1 of the Depths)
 23338 | Depths:1 | Found a gateway to a ziggurat.
 23554 | Depths:1 | Found a sparkling altar of Nemelex Xobeh.
 24132 | Depths:2 | Noticed a lich
 24147 | Depths:2 | Killed a lich
 24165 | Depths:2 | Noticed a lich
 24179 | Depths:2 | Killed a lich
 24190 | Depths:2 | Received a gift from Okawaru
 24214 | Depths:2 | Reached skill level 20 in Axes
 24221 | Depths:2 | HP: 3/155 [yaktaur/bolt[a yaktaur captain] (20)]
 24957 | Depths:2 | Noticed a lich
 25058 | Depths:2 | Noticed a caustic shrike
 25075 | Depths:1 | HP: 2/155 [caustic shrike (15)]
 25075 | Depths:1 | Splashed by a caustic shrike's acid

Vault maps used:
D:1:      erik_arrival_cave_to_civilisation, hangedman_decor_opposing
D:2:      lemuel_crystal_altar, minmay_misc_feat_tiny
D:3:      gammafunk_wand_slinger, first_bread, chequers_ecumenical_altar_simple
D:4:      uniq_robin
D:5:      uniq_crazy_yiuf_cottage, uniq_prince_ribbit1
D:6:      grunt_ministairs_15
D:7:      minmay_temple_entry_enclosed_plants, grunt_ogre_cave, feat_on_display
D:8:      uniq_erica
D:9:      lair_entry_dummy
D:10:     uniq_josephine
D:11:     kennysheep_cross_room, uniq_psyche, uniq_snorg
D:12:     hiddenorc1_lemuel, basic_altar, serial_shops,
          nicolae_shop_temple_entry_statues_fountains, hangedman_misty_isle,
          uniq_sonja, uniq_harold
D:13:     serial_shops, shop, basic_altar
D:14:     hourglass_vault, david_vaults_1, cheibriados_altar_1, serial_glass,
          glass_columns_b, glass_columns_a, grunt_ministairs_4,
          lemuel_tele_altar
D:15:     grunt_enter_depths_snipers, elyvilon_altar_5,
          nicolae_ru_sacrificial_ziggurat
Temple:   nicolae_temple_the_god_donut
Lair:1:   basic_altar
Lair:2:   gammafunk_cloud_chamber, minmay_swamp_entry_eels, lab_entry_generic,
          infiniplex_staircase_pool_2
Lair:3:   spider_nest_entry_rubble, special_room, lemuel_fruit_tree
Lair:4:   beast_lair_carwin_1
Lair:5:   grunt_forest_stairs_basic
Lair:6:   grunt_lair_end_beastmaster, slime_altar_2, minmay_lair_oklob_bushes,
          infiniplex_staircase_pool
Orc:1:    nicolae_orc_accident_2, minmay_orc_temple_a
Orc:2:    pubby_orc_utopia, serial_shops
Depths:1: enter_ziggurat_b, hell_entry, minmay_misc_feat_tower, serial_shops,
          shop, nicolae_shop_behind_doors, serial_co_window_serial,
          co_window_paths_b, co_window_paths_a, co_window_of_opportunity_a,
          co_window_paths_a, co_window_paths_b, co_window_of_opportunity_a,
          co_window_of_opportunity_b, co_window_of_opportunity_b,
          co_window_corner_b, co_window_broadway_b, co_window_broadway_a,
          co_window_paths_e, glass_columns_b, glass_columns_a, glass_columns_a,
          glass_columns_b, nemelex_xobeh_ov_fountains_minmay
Depths:2: kennysheep_cluttered_fort, hell_entry, rand_demon_pan_entry_9,
          serial_sigils, serial_sigils_hangedman_gnaw,
          serial_sigils_hangedman_quiver, serial_sigils_hangedman_carve,
          serial_sigils_hangedman_scratch, hangedman_abyss_or_decor_stabs,
          dispersion_dpeg, minmay_staircase_windowed_small
Lab:      labyrinth_hidden_loot

Skill      XL: |  1  2  3  4  5  6  7  8  9 10 11 12 13 14 15 16 |
---------------+-------------------------------------------------+-----
Fighting       | 4 5 6 7 8 9 10 12 13 15 17 | 17.5
Shields        | 4 5 6 8 9 11 13 14 15 16 | 16.0
Axes           | 3 4 5 6 7 9 11 12 14 15 16 18 19 20 | 20.0
Armour         | 4 5 6 7 9 11 12 13 14 15 | 15.0
Dodging        | 1 2 3 4 5 |  5.7
Evocations     | 1 |  1.4
Throwing       | 1 2 3 |  3.4
Invocations    | 1 |  1.8
Stealth        | 1 2 |  2.8

Action                   |  1- 3 |  4- 6 |  7- 9 | 10-12 | 13-15 | 16-18 || total
-------------------------+-------+-------+-------+-------+-------+-------++-------
Melee: War axe           |    75 |   106 |   132 |       |       |    61 ||   374
       Headbutt          |    12 |    22 |    63 |   144 |   176 |    60 ||   477
       Hand axe          |       |       |   276 |   622 |       |       ||   898
       Broad axe         |       |       |       |     5 |   943 |   156 ||  1104
Throw: Javelin           |       |       |     2 |    13 |    36 |     8 ||    59
Invok: Heroism           |       |       |       |    12 |    15 |     5 ||    32
       Finesse           |       |       |       |       |     1 |     2 ||     3
Evoke: Wand              |       |     6 |     4 |       |       |       ||    10
  Use: Scroll            |       |     8 |     1 |    18 |    12 |     8 ||    47
       Potion            |       |       |     4 |       |     9 |       ||    13
 Stab: Paralysed         |       |       |       |       |     2 |       ||     2
       Petrified         |       |       |       |       |     9 |       ||     9
       Petrifying        |       |       |       |       |     2 |       ||     2
       Invisible         |       |       |       |       |     1 |       ||     1
  Eat: Chunk             |     2 |     5 |     8 |    34 |    30 |     6 ||    85
       Bread ration      |       |       |     1 |       |     1 |       ||     2
       Fruit             |       |       |       |       |     5 |       ||     5
Armor: Scale mail        |    32 |    30 |   124 |       |       |       ||   186
       Skin              |       |       |     6 |       |       |       ||     6
       Chain mail        |       |       |     5 |   299 |   502 |    95 ||   901
Dodge: Dodged            |    30 |    29 |   102 |   195 |   292 |    85 ||   733
Block: Shield            |    45 |    39 |   197 |   404 |   573 |   142 ||  1400

Table legend:
 A = Spawn XP
 B = Non-spawn XP
 C = Spawn XP percentage of total XP
 D = Spawn monster count
 E = Non-spawn monster count
 F = Spawn count percentage of total count
 G = Total turns spent on level
                    A         B        C        D         E        F      G
               +---------+---------+-------+---------+---------+-------+---------
         Total |       0 |  206765 |   0.0 |       0 |     905 |   0.0 | 25075
               +---------+---------+-------+---------+---------+-------+---------
           D:1 |       0 |      54 |   0.0 |       0 |      27 |   0.0 |   801
           D:2 |       0 |      37 |   0.0 |       0 |      10 |   0.0 |   772
           D:3 |       0 |     199 |   0.0 |       0 |      20 |   0.0 |  1178
           D:4 |       0 |     365 |   0.0 |       0 |      21 |   0.0 |   547
           D:5 |       0 |     839 |   0.0 |       0 |      23 |   0.0 |   717
           D:6 |       0 |    1455 |   0.0 |       0 |      28 |   0.0 |   598
           D:7 |       0 |     768 |   0.0 |       0 |      19 |   0.0 |   872
           D:8 |       0 |    1704 |   0.0 |       0 |      25 |   0.0 |  1191
           D:9 |       0 |    4166 |   0.0 |       0 |      44 |   0.0 |  1147
          D:10 |       0 |    4353 |   0.0 |       0 |      24 |   0.0 |   876
          D:11 |       0 |    6871 |   0.0 |       0 |      34 |   0.0 |   999
          D:12 |       0 |    9043 |   0.0 |       0 |      62 |   0.0 |   758
          D:13 |       0 |    8354 |   0.0 |       0 |      49 |   0.0 |   718
          D:14 |       0 |   15201 |   0.0 |       0 |      39 |   0.0 |  1099
          D:15 |       0 |   15512 |   0.0 |       0 |      43 |   0.0 |  1157
        Lair:1 |       0 |    2470 |   0.0 |       0 |      10 |   0.0 |   848
        Lair:2 |       0 |    3272 |   0.0 |       0 |      14 |   0.0 |   774
        Lair:3 |       0 |    7687 |   0.0 |       0 |      46 |   0.0 |  1136
        Lair:4 |       0 |   12762 |   0.0 |       0 |      40 |   0.0 |  1548
        Lair:5 |       0 |    3928 |   0.0 |       0 |      15 |   0.0 |   751
        Lair:6 |       0 |   19281 |   0.0 |       0 |      42 |   0.0 |   883
         Orc:1 |       0 |    3063 |   0.0 |       0 |      35 |   0.0 |   527
         Orc:2 |       0 |   25195 |   0.0 |       0 |     155 |   0.0 |  1712
      Depths:1 |       0 |   31964 |   0.0 |       0 |      44 |   0.0 |  1717
      Depths:2 |       0 |   26507 |   0.0 |       0 |      33 |   0.0 |   658
           Lab |       0 |    1715 |   0.0 |       0 |       3 |   0.0 |  1029
               +---------+---------+-------+---------+---------+-------+---------
